 Dungeon Crawl Stone Soup version 0.23-a0-644-gb60d84b (webtiles) character file.

2294 Borgoz the Grappler (level 9, -2/71 HPs)
             Began as a Ghoul Gladiator on Jan 1, 2019.
             Slain by a gnoll sergeant
             ... wielding a +0 trident
              (7 damage)
             ... on level 5 of the Dungeon.
             The game lasted 00:10:54 (4087 turns).

Borgoz the Grappler (Ghoul Gladiator)               Turns: 4087, Time: 00:10:55

Health: -2/71      AC:  9    Str: 16 (18) XL:     9   Next: 40%
Magic:  8/8        EV: 12    Int: 13      God:
Gold:   203        SH:  0    Dex: 12 (13) Spells: 8/8 levels left

rFire    . . .     SeeInvis .     - Unarmed
rCold    + . .     Gourm    .   (no shield)
rNeg     + + +     Faith    .   i - +0 scale mail
rPois    ∞         Spirit   .   b - +0 helmet
rElec    .         Reflect  .   k - +0 cloak
rCorr    .         Harm     .   (no gloves)
MR       .....                  (no boots)
Stlth    ..........             (no amulet)
HPRegen  0.00/turn              j - +5 ring of intelligence
MPRegen  0.11/turn              (no ring)

@: brilliant, rotting
A: rotting body, claws 1, carnivore, cold resistance 1, negative energy
resistance 3, inhibited regeneration, torment resistance, unbreathing
a: no special abilities


You were on level 5 of the Dungeon.
You were not hungry.

You visited 2 branches of the dungeon, and saw 7 of its levels.

You collected 203 gold pieces.

Inventory:

Missiles
 c - 3 throwing nets (quivered)
Armour
 b - a +0 helmet (worn)
 i - a +0 scale mail (worn)
 k - a +0 cloak (worn)
Jewellery
 e - an uncursed ring of positive energy {unknown}
 j - a +5 ring of intelligence (left claw)
Wands
 f - a wand of flame (13)
 p - a wand of iceblast (9)
 t - a wand of scattershot (3)
 y - a wand of paralysis (8)
Scrolls
 a - 5 scrolls of magic mapping {unknown}
 g - 11 scrolls of identify {unknown}
 h - a scroll of noise {unknown}
 m - a scroll of enchant armour {unknown}
 q - 2 scrolls of remove curse {unknown}
 r - a scroll of immolation {unknown}
 s - 4 scrolls of teleportation {unknown}
 x - a scroll of fog {unknown}
 A - a scroll of summoning {unknown}
Potions
 l - a potion of flight
 v - a potion of lignification
Comestibles
 d - 9 rations


   Skills:
 + Level 3.8 Fighting
 - Level 1.7 Throwing
 + Level 5.1 Armour
 + Level 5.2 Dodging
 + Level 10.5 Unarmed Combat


You had 8 spell levels left.
You didn't know any spells.
Your spell library was empty.

Dungeon Overview and Level Annotations

Branches:
Dungeon (6/15)             Temple (1/1) D:5

Altars:
Cheibriados
Elyvilon
Fedhas
Hepliaklqana
Kikubaaqudgha
Nemelex Xobeh
Sif Muna
Trog
Uskayaw
Wu Jian
Xom
Zin
The Shining One

Annotations:
D:3 exclusion: oklob plant


Innate Abilities, Weirdness & Mutations

Your body is rotting away.
You thrive on raw meat.
You are immune to poison.
You have sharp fingernails.
You are carnivorous and can eat meat at any time.
Your flesh is cold resistant. (rC+)
You are immune to negative energy. (rN+++)
You do not regenerate when monsters are visible.
You are immune to unholy pain and torment.
You can survive without breathing.


Message History

You feel less confused. The gnoll sergeant barely misses you.
The gnoll sergeant blocks your attack.
Your claw misses the gnoll sergeant.
The gnoll sergeant is heavily wounded.
The orc warrior hits you with a +3 long sword.
* * * LOW HITPOINT WARNING * * *
You scratch the gnoll sergeant but do no damage.
The gnoll sergeant is heavily wounded.
The gnoll sergeant hits you with a +0 trident!
* * * LOW HITPOINT WARNING * * *
The orc warrior closely misses you.
You scratch the gnoll sergeant but do no damage.
The gnoll sergeant is heavily wounded.
The gnoll sergeant hits you with a +0 trident.
* * * LOW HITPOINT WARNING * * *
You claw the gnoll sergeant!
The gnoll sergeant is almost dead.
The orc warrior barely misses you.
The gnoll sergeant hits you with a +0 trident!
You die...

#.# #..#.##...... #.#
########..#.##.##### #.#
#.....##..#.##.# ####.####
#.....##..#.##.# #..[....#
##.....##.......# #.##.##.#
#......#####.#### #.##.##.#
#..[...# #......# #.#...#.#
#.##o#.###.#.##.# #.##.##.#
#.##@g..##...##.# #.......#
#.####.......##.# ####.####
#........≈...##.#
#.######.......≈⌠≈..##.#
#........####..≈≈......####
########.#.##....##......#####.##
....# ##.#.##..#.........# ##...#
###.# #..#.......##.########.....
##### #.#####.......# ##......


You could see an orc warrior and a gnoll sergeant.

Vanquished Creatures
  Pikel (D:4)
  Grinder (D:5)
  Sigmund (D:3)
  Edmund (D:4)
  3 slaves (D:4)
  A sky beast (D:6)
  2 ogres
  A gnoll sergeant (D:5)
  2 scorpions
  2 wights
  3 jellies
  2 howler monkeys
  2 crimson imps (D:5)
  An orc priest (D:4)
  2 bullfrog skeletons (D:4)
  3 hounds (D:5)
  2 orc wizards (D:4)
  Natasha (thrice) (D:3)
  Ijyb (D:3)
  A worker ant (D:4)
  A worker ant zombie (D:5)
  4 gnolls (D:5)
  10 adders
  A shadow imp (D:5)
  An ooze (D:3)
  An adder skeleton (D:5)
  2 worms (D:3)
  3 dart slugs
  6 leopard geckos
  16 orcs
  2 giant cockroaches (D:3)
  4 goblins
  8 hobgoblins
  12 jackals
  4 quokkas
  11 bats
  7 frilled lizards
  A giant cockroach zombie (D:5)
  9 kobolds
  A quokka skeleton (D:4)
  6 rats
145 creatures vanquished.

Vanquished Creatures (others)
  3 orcs
  19 toadstools (D:3)
22 creatures vanquished.

Grand Total: 167 creatures vanquished

Notes
Turn   | Place    | Note
-------+----------+-------------------------------------------
     0 | D:1      | Borgoz the Ghoul Gladiator began the quest for the Orb.
     0 | D:1      | Reached XP level 1. HP: 17/17 MP: 0/0
    67 | D:1      | Reached XP level 2. HP: 14/25 MP: 1/1
   395 | D:1      | Reached XP level 3. HP: 27/30 MP: 2/2
   804 | D:2      | Reached skill level 4 in Unarmed Combat
   965 | D:3      | Reached XP level 4. HP: 36/37 MP: 3/3
  1124 | D:3      | Reached skill level 1 in Armour
  1147 | D:3      | Reached XP level 5. HP: 34/42 MP: 4/4
  1361 | D:3      | Noticed Sigmund
  1390 | D:3      | Killed Sigmund
  1390 | D:3      | Reached skill level 5 in Unarmed Combat
  1390 | D:3      | Reached XP level 6. HP: 39/50 MP: 5/5
  1498 | D:3      | Noticed Ijyb
  1500 | D:3      | Noticed Natasha
  1519 | D:3      | Killed Natasha
  1519 | D:3      | Reached skill level 6 in Unarmed Combat
  1526 | D:3      | Killed Ijyb
  1562 | D:3      | Found a blossoming altar of Fedhas.
  1580 | D:3      | Noticed an oklob plant
  1640 | D:3      | Noticed Natasha
  1656 | D:3      | Killed Natasha
  1900 | D:3      | Noticed Natasha
  1914 | D:3      | Killed Natasha
  2043 | D:4      | Noticed a slave
  2043 | D:4      | Noticed a slave
  2045 | D:4      | Noticed a slave
  2047 | D:4      | Noticed Pikel
  2048 | D:4      | Noticed a slave
  2067 | D:4      | Reached XP level 7. HP: 30/56 MP: 6/6
  2097 | D:4      | Killed Pikel
  2097 | D:4      | Reached skill level 7 in Unarmed Combat
  2097 | D:4      | Reached XP level 8. HP: 24/63 MP: 7/7
  2181 | D:4      | Reached skill level 8 in Unarmed Combat
  2295 | D:4      | Found an ancient bone altar of Kikubaaqudgha.
  2464 | D:4      | Noticed Edmund
  2481 | D:4      | Killed Edmund
  2680 | D:5      | Entered Level 5 of the Dungeon
  2737 | D:5      | Reached skill level 9 in Unarmed Combat
  2752 | D:5      | Found a staircase to the Ecumenical Temple.
  2765 | Temple   | Entered the Ecumenical Temple
  3114 | D:5      | Reached skill level 5 in Dodging
  3138 | D:5      | Reached XP level 9. HP: 64/69 MP: 8/8
  3196 | D:5      | Noticed Grinder
  3199 | D:5      | Paralysed by Grinder for 7 turns
  3218 | D:5      | Killed Grinder
  3218 | D:5      | Reached skill level 10 in Unarmed Combat
  3294 | D:5      | Found a sparkling altar of Nemelex Xobeh.
  3744 | D:6      | Reached skill level 5 in Armour
  3750 | D:6      | Found a glowing silver altar of Zin.
  4087 | D:5      | Slain by a gnoll sergeant

Vault maps used:
D:1:      wander_arrival_abandoned_jail
D:2:      minmay_pentomino_p4
D:3:      tgw_fedhas, supply_closet_lemuel, minmay_misc_feat_nine_boxes,
          minmay_box_of_dots, uniq_sigmund, uniq_natasha, uniq_ijyb
D:4:      lemuel_crystal_altar, first_ration, uniq_pikel, uniq_edmund
D:5:      temple_doors_e, corexii_leaking_fountain, grunt_decor_arrowhead,
          nemelex_lonely_heart_becter, uniq_grinder
D:6:      fiery_altar_vehumet, nicolae_overflow_hidden_temple,
          nicolae_ru_great_annihilating_truth, cheibrodos_ashenzari_chains,
          lemuel_crystal_altar, sword_in_stone, uniq_duvessa
Temple:   kb_temple_of_zot

Skill      XL: |  1  2  3  4  5  6  7  8  9 |
---------------+----------------------------+-----
Dodging        | 3 4 5 |  5.2
Unarmed Combat | 4 5 6 7 9 10 | 10.5
Armour         | 1 2 3 4 5 |  5.1
Fighting       | 3 |  3.8
Throwing       | |  1.7

Action                   |  1- 3 |  4- 6 |  7- 9 || total
-------------------------+-------+-------+-------++-------
Melee: Unarmed           |   131 |   167 |   300 ||   598
       Punch             |     4 |     2 |    11 ||    17
  Use: Potion            |       |     2 |     8 ||    10
  Eat: Chunk             |     8 |    15 |    36 ||    59
Armor: Leather armour    |    12 |       |       ||    12
       Scale mail        |    58 |    69 |   106 ||   233
Dodge: Dodged            |    97 |   104 |   168 ||   369

Table legend:
 A = Non-vault XP
 B = Vault XP
 C = Vault XP percentage of total XP
 D = Non-vault monster count
 E = Vault monster count
 F = Vault count percentage of total count
                 A         B        C        D         E       F
            +---------+---------+-------+---------+---------+-------
      Total |    1692 |    1586 |  48.4 |     127 |      15 |  10.6
            +---------+---------+-------+---------+---------+-------
        D:1 |      34 |       0 |   0.0 |      19 |       0 |   0.0
        D:2 |      34 |       9 |  20.9 |      15 |       4 |  21.1
        D:3 |     152 |     380 |  71.4 |      32 |       6 |  15.8
        D:4 |     501 |     774 |  60.7 |      30 |       2 |   6.2
        D:5 |     726 |     364 |  33.4 |      26 |       2 |   7.1
        D:6 |     245 |      59 |  19.4 |       5 |       1 |  16.7
            +---------+---------+-------+---------+---------+-------
